 Dungeon Crawl Stone Soup version 0.31-a0-564-g3b7de120b3 (webtiles) character file.

Game seed: 11712230346661890896

199 kae the Changeling (level 5, -4/40 HPs)
             Began as a Draconian Shapeshifter on Aug 17, 2023.
             Was an Initiate of Ru.
             Slain by a gnoll
             ... wielding a +0 halberd
             ... led by a gnoll bouda
              (6 damage)
             ... on level 4 of the Dungeon.
             The game lasted 00:02:43 (3129 turns).

kae the Changeling (Draconian Shapeshifter)         Turns: 3129, Time: 00:02:44

Health: -4/40      AC:  5    Str: 17    XL:     5   Next: 48%
Magic:  5/5        EV: 12    Int:  9    God:    Ru [......]
Gold:   174        SH:  0    Dex: 13    Spells: 4/4 levels left

rFire   . .          .
                       - Unarmed
rCold   . . .        (no shield)
rNeg    . . .        (body armour unavailable)
rPois   .            (helmet currently unavailable)
rElec   .            (cloak currently unavailable)
rCorr   .            (gloves currently unavailable)
SInv    .            (boots currently unavailable)
Will    .....        (no amulet)
Stlth   +            (no ring)
HPRegen 0.26/turn    (no ring)
MPRegen 0.09/turn

%: no passive effects
@: mighty, beast-form
A: beast (slay +3), AC +5, unfitting armour, cold-blooded
a: Begin Untransformation, Renounce Religion


You were on level 4 of the Dungeon.
You worshipped Ru.
Ru was noncommittal.
You were a hulking beast.
You visited 1 branch of the dungeon, and saw 4 of its levels.

You collected 228 gold pieces.
You spent 54 gold pieces at shops.


Innate Abilities, Weirdness & Mutations

You are a hulking beast.
Your limbs bulge with bestial killing power. (Slay +3)
Your plain brown scales are hard. (AC +5)
You cannot fit into any form of body armour.
You are cold-blooded and may be slowed by cold attacks.


   Skills:
 - Level 1.1 Fighting
 - Level 1.7 Dodging
 + Level 4.3 Unarmed Combat
 * Level 4.8 Shapeshifting


You had 4 spell levels left.
You didn't know any spells.
Your spell library contained the following spells:

 Spells                   Type           Power      Damage    Failure   Level
 Poisonous Vapours        Pois/Air       0%         N/A       52%         2
 Mephitic Cloud           Conj/Pois/Air  0%         N/A       77%         3
 Volatile Blastmotes      Fire/Tloc      0%         2d10      77%         3
 Fulminant Prism          Conj/Hex       0%         3d5       99%         4
 Iskenderun's Mystic Bla  Conj/Tloc      0%         2d3       99%         4
 Freezing Cloud           Conj/Ice/Air   0%         6-21      100%        5

Inventory:

Missiles
 d - 52 stones
 s - a throwing net {=f!f}
Talismans
 b - a beast talisman (active)
 c - a flux talisman
Scrolls
 e - 2 scrolls of fear {unknown}
 g - a scroll of immolation {unknown}
 h - 3 scrolls of teleportation {unknown}
 i - 4 scrolls of identify {unknown}
 m - a scroll of vulnerability {!r!r}
 n - a scroll of torment {unknown}
 o - a scroll of noise {unknown}
 u - a scroll of fog {unknown}
Potions
 a - a potion of lignification {!q}
 f - 2 potions of mutation {unknown}
 j - a potion of degeneration {unknown}
 k - a potion of berserk rage {unknown}
 l - 2 potions of enlightenment {unknown}
 p - a potion of might
 q - a potion of heal wounds {unknown}
 r - a potion of curing {unknown}
 t - a potion of brilliance {unknown}

Dungeon Overview and Level Annotations

Branches:
Dungeon (4/15) Zot: 20882
 Temple: D:4-7

Altars:
Ashenzari
Dithmenos
Nemelex Xobeh
Ru
Uskayaw

Shops:
D:1

* ....#.##..[# #.####....#.##
.........# #...##..#.#..#
_........# #.....<....#
......g.### #..........##
..⌠.....).#### #...........#
........#....## #...........#
...._...####..#######...........#
.......)# ##gg#.....).#######..#
#......## ##ggh......# #...
##...### ##.S.....## ###. ####
##......# ####..
#......######.....
#......#..........
#.........♣♣.♣♣...
#.......♣..♣.♣..♣.
#####...♣♣.....♣♣. #......._.....


You could see a gnoll bouda, 3 gnolls and a ball python.


Message History

The ball python misses you.
You hit the ball python. You punch the ball python.
You kill the ball python! 😕 HP[+1]
You completely miss the kobold. You tail-slap the kobold.
You kill the kobold!
No target in view!
Things that are here:
a +0 whip; a kobold corpse; a ball python corpse No target in view!
No target in view!
Found a sacrificial altar of Ru.
i - 3 scrolls labelled YHAN GUAMMA (gained 1)
A giant cockroach comes into view. 😎 HP[+2]
Your hp is fully restored (40).
The giant cockroach closely misses you.
You closely miss the giant cockroach. You punch the giant cockroach.
The giant cockroach bites you but does no damage.
The giant cockroach closely misses you.
You closely miss the giant cockroach.
The giant cockroach bites you but does no damage.
You hit the giant cockroach.
You kill the giant cockroach!
No target in view!
No target in view!
No target in view!
No target in view!
There is a sacrificial altar of Ru here.
You kneel at the altar of Ru.
Ru welcomes you!
You see here a giant cockroach corpse.
i - 4 scrolls labelled YHAN GUAMMA (gained 1)
You see here a giant cockroach corpse.
A gnoll bouda comes into view. It is wielding a +0 club.
Unknown command.
A gnoll bouda is nearby!
Unknown command.
A gnoll bouda is nearby!
A gnoll bouda is nearby!
The gnoll bouda shouts!
A gnoll comes into view. It is wielding a +0 halberd.
A gnoll comes into view. It is wielding a +0 spear.
The gnoll bouda gazes fiercely through you!
You feel your attacks grow feeble.
Things that are here:
a +0 whip; a kobold corpse; a ball python corpse Your attacks no longer feel as feeble.
The gnoll bouda gazes fiercely through you!
You feel your attacks grow feeble.
The gnoll bouda gazes fiercely through you!
You feel as though you will be weak longer.
The gnoll bouda barks out a call to the hunt!
You start waiting.
Your attacks no longer feel as feeble.
The gnoll shouts!
The gnoll bouda gazes fiercely through you!
You feel your attacks grow feeble.
The gnoll bouda barks out a call to the hunt!
No target in view!
No target in view!
You start waiting.
A gnoll bouda is nearby!
A gnoll comes into view. It is wielding a +0 spear.
A ball python comes into view.
The gnoll bouda hits you with a +0 club!
The gnoll hits you from afar with a +0 halberd!
The gnoll moves out of view.
You are too injured to fight recklessly! 😮 HP[-17]
You take 17 damage, and now have 23/40 hp.
MASSIVE DAMAGE!! (PAUSE)
The ball python hisses angrily.
You hit the gnoll bouda.
Your tail-slap misses the gnoll bouda.
The gnoll bouda barely misses you. The gnoll closely misses you.
Unknown command.
You barely miss the gnoll bouda.
Your attacks no longer feel as feeble.
The gnoll bouda completely misses you. The gnoll misses you.
Unknown command.
You punch the gnoll bouda!
The gnoll hits you from afar with a +0 spear.
The gnoll bouda barely misses you.
The gnoll hits you from afar with a +0 halberd!
* * * LOW HITPOINT WARNING * * *
😨 HP[-12]
You take 12 damage, and now have 11/40 hp.
MASSIVE DAMAGE!! (PAUSE)
The gnoll bouda attacks as you move away!
The gnoll bouda hits you with a +0 club!
* * * LOW HITPOINT WARNING * * *
The gnoll closely misses you. 😱 HP[-9]
You take 9 damage, and now have 2/40 hp.
MASSIVE DAMAGE!! (PAUSE)
Okay, then.
It was a potion of might.
You feel very mighty all of a sudden.
The gnoll hits you from afar with a +0 halberd.
You die...

Skill      XL: |  1  2  3  4 |
---------------+-------------+-----
Shapeshifting  | 4 |  4.8
Unarmed Combat | 4 |  4.3
Fighting       | |  1.1
Dodging        | |  1.7

Action                     |  1- 3 |  4- 6 || total
---------------------------+-------+-------++-------
  Melee: Unarmed           |    95 |   103 ||   198
         Tailslap          |     9 |    13 ||    22
         Punch             |     1 |     3 ||     4
    Use: Scroll            |       |     1 ||     1
         Potion            |       |     1 ||     1
   Stab: Sleeping          |     1 |     2 ||     3
 Armour: Skin              |    19 |    32 ||    51
  Dodge: Dodged            |    55 |    78 ||   133

Levels and vault maps discovered:
D:1:      minmay_arrival_split_and_join, layout_loops_ring, serial_shops, shop,
          corexii_item_surrounded_by_moat
D:2:      layout_basic
D:3:      layout_basic, lemuel_crystal_altar,
          nicolae_uskayaw_murder_on_the_dancefloor, st_stairs_3, uniq_terence
D:4:      layout_rooms, mainiacjoe_overflow_small_starburst,
          grunt_temple_overflow_open

Notes
Turn   | Place    | Note
-------+----------+-------------------------------------------
     0 | D:1      | kae the Draconian Shapeshifter began the quest for the Orb.
     0 | D:1      | Reached XP level 1. HP: 16/16 MP: 1/1
     0 | D:1      | magus.rc [v1.11.3]
   218 | D:1      | Reached XP level 2. HP: 23/23 MP: 2/2
   399 | D:1      | You pick up a book of Blasting and begin reading...
   399 | D:1      | You add the spells Volatile Blastmotes, Fulminant Prism and
                  | Iskenderun's Mystic Blast to your library.
   616 | D:1      | Found Minafogh's Assorted Antiques.
   622 | D:1      | Bought a fuming coppery potion for 27 gold pieces
   622 | D:1      | Bought a viscous purple potion for 27 gold pieces
   856 | D:2      | Reached XP level 3. HP: 23/28 MP: 3/3
  1308 | D:2      | Identified the +0 pair of gloves of Complete Protection
                  | {Dex+2}
  1406 | D:2      | Reached skill level 4 in Shapeshifting
  1406 | D:2      | Reached XP level 4. HP: 28/35 MP: 4/4
  1504 | D:2      | You pick up a book of Vapours and begin reading...
  1504 | D:2      | You add the spells Poisonous Vapours, Mephitic Cloud and
                  | Freezing Cloud to your library.
  2125 | D:3      | Noticed Terence
  2167 | D:3      | Killed Terence
  2168 | D:3      | Reached skill level 4 in Unarmed Combat
  2399 | D:3      | Reached XP level 5. HP: 27/40 MP: 5/5
  2436 | D:3      | Found a hide-covered altar of Uskayaw.
  2472 | D:3      | Found a sparkling altar of Nemelex Xobeh.
  2975 | D:4      | Found a shadowy altar of Dithmenos.
  3036 | D:4      | Found a broken altar of Ashenzari.
  3049 | D:4      | Found a sacrificial altar of Ru.
  3075 | D:4      | Became a worshipper of Ru the Awakened
  3128 | D:4      | HP: 2/40 [gnoll bouda/+0 club (9)]
  3129 | D:4      | Slain by a gnoll

Vanquished Creatures
  Terence (D:3)
  An orc wizard (D:4)
  3 gnolls (D:2)
  4 adders
  2 worms (D:3)
  3 dart slugs
  8 orcs
  2 endoplasms
  4 giant cockroaches
  2 goblins (D:1)
  7 hobgoblins
  A jackal (D:3)
  2 quokkas
  6 ball pythons
  3 bats
  A frilled lizard (D:1)
  11 kobolds
  7 rats
68 creatures vanquished.

Table legend:
 A = Non-vault XP
 B = Vault XP
 C = Vault XP percentage of total XP
 D = Non-vault monster count
 E = Vault monster count
 F = Vault count percentage of total count
                 A         B        C        D         E       F
            +---------+---------+-------+---------+---------+-------
      Total |     241 |      44 |  15.4 |      64 |       4 |   5.9
            +---------+---------+-------+---------+---------+-------
        D:1 |      39 |       0 |   0.0 |      25 |       0 |   0.0
        D:2 |     100 |       0 |   0.0 |      15 |       0 |   0.0
        D:3 |      30 |      44 |  59.5 |      13 |       4 |  23.5
        D:4 |      72 |       0 |   0.0 |      11 |       0 |   0.0
            +---------+---------+-------+---------+---------+-------

Skill      XL: |  1  2  3  4 |
---------------+-------------+-----
Shapeshifting  | 4 |  4.8
Unarmed Combat | 4 |  4.3
Fighting       | |  1.1
Dodging        | |  1.7

Action                     |  1- 3 |  4- 6 || total
---------------------------+-------+-------++-------
  Melee: Unarmed           |    95 |   103 ||   198
         Tailslap          |     9 |    13 ||    22
         Punch             |     1 |     3 ||     4
    Use: Scroll            |       |     1 ||     1
         Potion            |       |     1 ||     1
   Stab: Sleeping          |     1 |     2 ||     3
 Armour: Skin              |    19 |    32 ||    51
  Dodge: Dodged            |    55 |    78 ||   133

Illustrated notes

Table legend:
 A = Kills in this place as a percentage of kills in the entire game.
 B = Kills by you in this place as a percentage of kills by you in the entire game.
 C = Kills by friends in this place as a percentage of kills by friends in the entire game.
 D = Other kills in this place as a percentage of other kills in the entire game.
 E = Experience gained in this place as a percentage of experience gained in the entire game.
 F = Experience gained in this place divided by the number of levels of this place that you have seen.
                   A       B       C       D       E      F
               +-------+-------+-------+-------+-------+----------------------
         Total | 100.0 | 100.0 |   N/A |   N/A | 100.0 |  71.2
       Dungeon | 100.0 | 100.0 |   N/A |   N/A | 100.0 |  71.2
               +-------+-------+-------+-------+-------+----------------------

Table legend: (Time is in decaauts)
 A = Elapsed time spent in this place.
 B = Non-inter-level travel time spent in this place.
 C = Inter-level travel time spent in this place.
 D = Time resting spent in this place.
 E = Time spent auto-exploring this place.
 F = Levels seen in this place.
 G = Mean time per level.
                   A        B        C        D        E       F      G
               +--------+--------+--------+--------+--------+-----+--------+
         Total |   3116 |   3022 |     94 |    145 |   2362 |   4 |  779.0 |
       Dungeon |   3116 |   3022 |     94 |    145 |   2362 |   4 |  779.0 |
               +--------+--------+--------+--------+--------+-----+--------+

Top non-repeatable levels by time:
     D:2: 1209 daAuts
     D:1: 846 daAuts
     D:3: 845 daAuts
     D:4: 216 daAuts
